 Dungeon Crawl Stone Soup version 0.31-a0-233-g139696dc86 (webtiles) character file.

Game seed: 6424896740160018159

46 qw the Shooter (level 3, -1/21 HPs)
             Began as a Gargoyle Hexslinger on July 8, 2023.
             Slain by a goblin
             ... wielding a +0 dagger
             ... led by Robin
              (2 damage)
             ... on level 2 of the Dungeon.
             The game lasted 00:00:25 (994 turns).

qw the Shooter (Gargoyle Hexslinger)                 Turns: 994, Time: 00:00:26

Health: -1/21      AC:  7    Str: 11    XL:     3   Next: 68%
Magic:  4/4        EV: 12    Int: 13    God:
Gold:   63         SH:  0    Dex: 14    Spells: 3/4 levels left

rFire   . . .        a - +1 sling
rCold   . . .        (no shield)
rNeg    + . .        c - +0 robe
rPois   inf          (no helmet)
rElec   +            f - +0 cloak
rCorr   .            (no gloves)
SInv    .            e - +0 pair of boots
Will    .....        (no amulet)
Stlth   +            (no ring)
HPRegen 0.23/turn    (no ring)
MPRegen 0.09/turn

%: no passive effects
@: no status effects
A: sickness immunity, AC +3, negative energy resistance 1, electricity
resistance, torment resistance 1, petrification resistance
a: no special abilities


You were on level 2 of the Dungeon.
You visited 1 branch of the dungeon, and saw 2 of its levels.

You collected 63 gold pieces.


Innate Abilities, Weirdness & Mutations

You are immune to sickness and miasma.
Your stone body is resilient. (AC +3)
You are immune to poison.
You resist negative energy. (rN+)
You are resistant to electric shocks. (rElec)
You are resistant to unholy torment.
You are immune to petrification.


   Skills:
 - Level 2.0 Fighting
 + Level 3.6 Ranged Weapons
 - Level 1.5 Dodging
 - Level 1.0 Spellcasting
 - Level 2.6 Hexes


You had 3 spell levels left.
You knew the following spells:

 Your Spells              Type           Power      Damage    Failure   Level
a - Slow                  Hex            28%        N/A       10%         1

Your spell library contained the following spells:

 Spells                   Type           Power      Damage    Failure   Level
 Inner Flame              Hex/Fire       4%         N/A       43%         3
 Portal Projectile        Hex/Tloc       8%         N/A       43%         3
 Cause Fear               Hex            3%         N/A       67%         4

Inventory:

Hand Weapons
 a - a +1 sling (weapon)
Armour
 c - a +0 robe (worn)
 e - a +0 pair of boots (worn)
 f - a +0 cloak (worn)
Scrolls
 b - a scroll of immolation {unknown}
Potions
 d - a potion of resistance {unknown}

Dungeon Overview and Level Annotations

Branches:
Dungeon (2/15)

Altars:

Annotations:
D:2 Robin


Message History

A goblin comes into view. It is wielding a +0 club.
Robin says, "My goblins will feast on your bones."
The goblin hits you but does no damage. The hobgoblin closely misses you.
You shoot a sling bullet. The sling bullet hits the hobgoblin.
You kill the hobgoblin!
The goblin hits you but does no damage.
The goblin unwields a +0 sling.
The goblin wields a +0 dagger.
The goblin hits you but does no damage.
You shoot a sling bullet. The sling bullet hits the goblin.
The goblin is heavily wounded.
The goblin barely misses you. Robin throws the goblin at you!
The goblin hits you with a +0 club.
The goblin hits you but does no damage. x2
You shoot a sling bullet. The sling bullet hits the goblin.
You kill the goblin!
The goblin misses you. The goblin closely misses you. The goblin misses you.
You shoot a sling bullet. The sling bullet hits the goblin!
You kill the goblin!
The goblin barely misses you. The goblin hits you but does no damage.
The goblin barely misses you. The goblin hits you but does no damage.
The goblin hits you with a +0 club. The goblin closely misses you.
You shoot a sling bullet.
The sling bullet closely misses the goblin.
The goblin barely misses you. The goblin hits you but does no damage.
The goblin barely misses you. The goblin hits you with a +0 club.
You shoot a sling bullet.
The sling bullet barely misses the goblin.
The goblin hits you but does no damage. The goblin barely misses you. x2
The goblin hits you with a +0 club. The goblin hits you with a +0 dagger.
You shoot a sling bullet. The sling bullet hits the goblin!
You kill the goblin!
Robin throws the goblin at you! The goblin hits you with a +0 dagger.
The goblin closely misses you. x3
You shoot a sling bullet.
The sling bullet closely misses the goblin.
The goblin hits you with a +0 dagger. The goblin hits you with a +0 club. x2
The goblin closely misses you.
You shoot a sling bullet. The sling bullet hits the goblin.
You kill the goblin!
The goblin misses you. The goblin hits you but does no damage.
The goblin hits you with a +0 dagger.
You die...

......#### )........
.......## # %.......#
#.###).......
###....g......<
....>.gg)...... #@#
#######g# .. #.
........# # ##
.###.########.#.#.###
...
..#.###........%....
#..#.#.#............###
##..#.#.#.#.##.#.###>#
.................# #
###........###.#.#


You could see Robin and 3 goblins.

Vanquished Creatures
  A worm (D:2)
  2 dart slugs (D:1)
  An endoplasm (D:1)
  2 giant cockroaches
  8 goblins (D:2)
  7 hobgoblins
  3 jackals (D:1)
  A quokka (D:2)
  3 ball pythons (D:1)
  2 bats
  3 frilled lizards (D:1)
  2 kobolds (D:1)
  2 rats (D:1)
37 creatures vanquished.

Notes
Turn   | Place    | Note
-------+----------+-------------------------------------------
     0 | D:1      | qw the Gargoyle Hexslinger began the quest for the Orb.
     0 | D:1      | Reached XP level 1. HP: 12/12 MP: 2/2
     0 | D:1      | 0 ||| qw: Version: 0.3-a-46-gb1f654a
     0 | D:1      | 0 ||| qw: Game counter: 3602
     0 | D:1      | 0 ||| qw: Melee chars always use a shield: true
     0 | D:1      | 0 ||| qw: God list: Okawaru
     0 | D:1      | 0 ||| qw: Allow faded altars: false
     0 | D:1      | 0 ||| qw: Do Orc after clearing Dungeon:15 true
     0 | D:1      | 0 ||| qw: Do second Lair branch before Depths: true
     0 | D:1      | 0 ||| qw: Lair rune preference: random
     0 | D:1      | 0 ||| qw: Goals: Normal
     0 | D:1      | 0 ||| PLANNING D:1-11
    59 | D:1      | 59 ||| FLEEEEING.
    60 | D:1      | 60 ||| FLEEEEING.
    61 | D:1      | 61 ||| FLEEEEING.
   242 | D:1      | Reached XP level 2. HP: 16/16 MP: 3/3
   282 | D:1      | Reached skill level 3 in Ranged Weapons
   464 | D:1      | Reached XP level 3. HP: 13/21 MP: 4/4
   879 | D:1      | 879 ||| UPGRADING to +0 pair of boots.
   884 | D:1      | 884 ||| UPGRADING to +0 cloak.
   889 | D:1      | 889 ||| DROPPING scroll of poison.
   982 | D:2      | Noticed Robin
   993 | D:2      | HP: 4/21 [goblin/+0 club[Robin] (3)]
   993 | D:2      | HP: 1/21 [goblin/+0 club[Robin] (3)]
   994 | D:2      | Slain by a goblin

Levels and vault maps discovered:
D:1:      dpeg_arrival_rooms_a, layout_loops_ring, serial_aquarium,
          aquarium_bridge_island_small [aquarium_subvault_small_water,
          aquarium_subvault_wall, aquarium_subvault_bridge,
          aquarium_subvault_bridge, aquarium_subvault_bridge],
          aquarium_window_2, aquarium_window_2, aquarium_window_3,
          aquarium_view_2g, aquarium_pool_2, wad_woods_river_04
D:2:      layout_loops_ring, basic_altar, uniq_robin

Skill      XL: |  1  2 |
---------------+-------+-----
Ranged Weapons | 3 |  3.6
Fighting       | 2 |  2.0
Dodging        | |  1.5
Spellcasting   | |  1.0
Hexes          | |  2.6

Action                     || total
---------------------------++-------
   Fire: Sling             ||   121
 Armour: Robe              ||    31
  Dodge: Dodged            ||    55

Table legend:
 A = Non-vault XP
 B = Vault XP
 C = Vault XP percentage of total XP
 D = Non-vault monster count
 E = Vault monster count
 F = Vault count percentage of total count
                 A         B        C        D         E       F
            +---------+---------+-------+---------+---------+-------
      Total |      53 |      16 |  23.2 |      28 |       9 |  24.3
            +---------+---------+-------+---------+---------+-------
        D:1 |      39 |       0 |   0.0 |      22 |       0 |   0.0
        D:2 |      14 |      16 |  53.3 |       6 |       9 |  60.0
            +---------+---------+-------+---------+---------+-------
